[ PARTIDA AOE2 · #476950681 ]
UnrankedDrávidas vs Lithuanians
Equipo del jugador · DERR
[ ANÁLISIS DE REPETICIÓN · EXTRAÍDO DE LA PARTIDA GRABADA ]
Feudal
12:47
Castillos
16:42
Imperial
39:32
| APM promedio | 34.7 |
| APM pico | 71 |
| eAPM promedio | 21.5 |
| Aldeanos / militares | 138 / 183 |
Foco
⚔️ 43.4% · 🌾 56.6%
Spearman ×104 · Skirmisher ×58 · Galley ×21 · Unknown (2626) ×12 · Fishing Ship ×9
Feudal
12:07
Castillos
16:54
Imperial
35:18
| APM promedio | 46.5 |
| APM pico | 84 |
| eAPM promedio | 25.0 |
| Aldeanos / militares | 106 / 125 |
Foco
⚔️ 40.9% · 🌾 59.1%
Leitis ×107 · Fishing Ship ×10 · Battering Ram ×8 · Scorpion ×7 · Monk ×3
Feudal
13:00
Castillos
16:42
Imperial
36:33
| APM promedio | 26.8 |
| APM pico | 99 |
| eAPM promedio | 16.1 |
| Aldeanos / militares | 118 / 101 |
Foco
⚔️ 42.0% · 🌾 58.0%
Elephant Archer ×65 · Fire Galley ×22 · Fishing Ship ×14 · Demolition Raft ×9 · Galley ×3 · Monk ×1
Feudal
13:22
Castillos
17:37
Imperial
37:47
| APM promedio | 24.0 |
| APM pico | 43 |
| eAPM promedio | 13.6 |
| Aldeanos / militares | 84 / 58 |
Foco
⚔️ 25.9% · 🌾 74.1%
Archer ×55 · Fishing Ship ×6 · Trebuchet (Packed) ×3
Feudal
13:46
Castillos
18:09
Imperial
42:42
| APM promedio | 28.2 |
| APM pico | 48 |
| eAPM promedio | 16.5 |
| Aldeanos / militares | 131 / 33 |
Foco
⚔️ 22.8% · 🌾 77.2%
Fishing Ship ×14 · Berserk ×13 · Battering Ram ×13 · Mangonel ×5 · Monk ×2
Feudal
12:19
Castillos
21:19
Imperial
41:48
| APM promedio | 38.9 |
| APM pico | 77 |
| eAPM promedio | 18.5 |
| Aldeanos / militares | 118 / 77 |
Foco
⚔️ 34.5% · 🌾 65.5%
Knight ×61 · Fishing Ship ×8 · Galley ×6 · Scout Cavalry ×6 · Monk ×4
Feudal
14:21
Castillos
20:24
Imperial
33:10
| APM promedio | 35.4 |
| APM pico | 57 |
| eAPM promedio | 23.9 |
| Aldeanos / militares | 108 / 145 |
Foco
⚔️ 30.6% · 🌾 69.4%
Camel Archer ×59 · Scout Cavalry ×55 · Fishing Ship ×45 · Camel Scout ×25 · Bombard Cannon ×6 · Unknown (2626) ×4
Feudal
13:00
Castillos
16:40
Imperial
43:14
| APM promedio | 27.9 |
| APM pico | 63 |
| eAPM promedio | 18.7 |
| Aldeanos / militares | 189 / 40 |
Foco
⚔️ 24.5% · 🌾 75.5%
Camel Scout ×19 · Spearman ×13 · Fishing Ship ×7 · Mangonel ×6 · Fire Galley ×2
Mapa de la partida
Recursos iniciales + cada clic de construcción. Líneas = muros · curvas = relieve. ◆ oro · ⬟ piedra · ● bayas · ✦ reliquia · ◌ hueco del cierre
Tu base· Abierta — hueco de 9t
Base de EL_REY_TUT· Abierta — hueco de 5t
Base de The Bloody-Nine· Abierta — hueco de 7t
Base de El mejor Sanguche de miga· Abierta — hueco de 6t
Base de 姆狗· Abierta — hueco de 15t
Base de [ Vallenar ] Doctor Simi· Abierta — hueco de 4t
Base de 我是你大飞哥· Abierta — flanco sin cerrar
Base de Suikyou· Abierta — hueco de 8t
Terreno inicial suavizado · ◌ = hueco del cierre detectado · pasá el cursor para detalles
Inputs por minuto
— Alexander the conqueror - - EL_REY_TUT
Build order — Alexander the conqueror
Primeras 150 de 514 acciones detectadas
| 0:07 | Construir | Town Center |
| 0:43 | Construir | Dock |
| 2:37 | Crear | Villager (Male) |
| 2:37 | Crear | Villager (Male) |
| 2:37 | Crear | Villager (Male) |
| 2:37 | Crear | Villager (Male) |
| 2:38 | Crear | Villager (Male) |
| 2:52 | Crear | Fishing Ship |
| 3:23 | Crear | Villager (Male) |
| 3:36 | Construir | House |
| 4:25 | Crear | Villager (Male) |
| 4:50 | Crear | Villager (Male) |
| 4:50 | Crear | Villager (Male) |
| 5:05 | Crear | Villager (Male) |
| 5:05 | Crear | Villager (Male) |
| 5:16 | Crear | Villager (Male) |
| 5:30 | Crear | Fishing Ship |
| 5:48 | Construir | House |
| 5:56 | Crear | Villager (Male) |
| 6:28 | Crear | Fishing Ship |
| 6:31 | Crear | Villager (Male) |
| 7:01 | Crear | Villager (Male) |
| 7:06 | Crear | Fishing Ship |
| 7:29 | Construir | House |
| 7:30 | Crear | Villager (Male) |
| 7:46 | Crear | Villager (Male) |
| 8:04 | Crear | Villager (Male) |
| 8:38 | Crear | Villager (Male) |
| 8:41 | Construir | Dock |
| 9:01 | Crear | Villager (Male) |
| 9:11 | Crear | Fishing Ship |
| 9:46 | Construir | Mill |
| 9:47 | Crear | Villager (Male) |
| 9:53 | Crear | Villager (Male) |
| 10:16 | Construir | Palisade Wall |
| 10:17 | Construir | Palisade Wall |
| 10:22 | Investigar | Feudal Age |
| 10:23 | Investigar | Feudal Age |
| 10:43 | Construir | Mining Camp |
| 11:10 | Construir | Palisade Wall |
| 11:15 | Investigar | Loom |
| 11:17 | Crear | Fishing Ship |
| 11:43 | Construir | House |
| 11:50 | Construir | House |
| 11:54 | Construir | Palisade Wall |
| 11:55 | Construir | Palisade Wall |
| 12:14 | Crear | Fishing Ship |
| 12:20 | Crear | Fishing Ship |
| 12:47 | Edad | Edad Feudal |
| 12:49 | Construir | Market |
| 12:52 | Crear | Villager (Male) |
| 12:57 | Construir | Blacksmith |
| 13:28 | Construir | Palisade Wall |
| 13:31 | Crear | Villager (Male) |
| 13:38 | Construir | Lumber Camp |
| 14:02 | Investigar | Castle Age |
| 14:02 | Investigar | Castle Age |
| 14:12 | Investigar | Double-Bit Axe |
| 14:37 | Construir | Dock |
| 14:53 | Crear | Galley |
| 14:53 | Crear | Galley |
| 14:59 | Investigar | Fletching |
| 15:10 | Crear | Galley |
| 15:10 | Crear | Galley |
| 15:24 | Crear | Galley |
| 15:42 | Crear | Galley |
| 16:04 | Crear | Galley |
| 16:16 | Crear | Galley |
| 16:16 | Crear | Galley |
| 16:33 | Crear | Villager (Male) |
| 16:42 | Edad | Edad de los Castillos |
| 16:43 | Investigar | War Galley (upgrade) |
| 16:46 | Crear | Villager (Male) |
| 17:06 | Crear | Villager (Male) |
| 17:10 | Investigar | Bodkin Arrow |
| 17:18 | Construir | Town Center |
| 17:27 | Investigar | Bow Saw |
| 17:28 | Crear | Villager (Male) |
| 17:42 | Crear | Fishing Ship |
| 17:48 | Crear | Villager (Male) |
| 18:05 | Construir | House |
| 18:29 | Crear | Unit 2626 |
| 18:33 | Crear | Villager (Male) |
| 18:35 | Construir | Barracks |
| 18:47 | Crear | Villager (Male) |
| 18:51 | Crear | Galley |
| 18:51 | Crear | Galley |
| 18:53 | Crear | Villager (Male) |
| 19:00 | Crear | Villager (Male) |
| 19:14 | Crear | Galley |
| 19:28 | Crear | Galley |
| 19:28 | Crear | Galley |
| 19:52 | Crear | Villager (Male) |
| 19:54 | Crear | Spearman |
| 20:02 | Construir | House |
| 20:07 | Crear | Galley |
| 20:07 | Crear | Galley |
| 20:19 | Crear | Villager (Male) |
| 20:23 | Construir | House |
| 20:32 | Construir | University |
| 20:34 | Crear | Villager (Male) |
| 20:36 | Crear | Villager (Male) |
| 20:54 | Crear | Spearman |
| 21:05 | Crear | Villager (Male) |
| 21:06 | Construir | House |
| 21:08 | Crear | Spearman |
| 21:18 | Construir | House |
| 21:19 | Construir | House |
| 21:19 | Crear | Villager (Male) |
| 21:19 | Crear | Villager (Male) |
| 21:25 | Investigar | Ballistics |
| 21:39 | Crear | Spearman |
| 21:40 | Crear | Villager (Male) |
| 21:41 | Crear | Villager (Male) |
| 21:45 | Crear | Spearman |
| 22:04 | Crear | Villager (Male) |
| 22:17 | Construir | Dock |
| 22:27 | Crear | Villager (Male) |
| 22:27 | Crear | Villager (Male) |
| 22:39 | Construir | House |
| 22:42 | Construir | Farm |
| 22:42 | Construir | Farm |
| 22:45 | Construir | Mill |
| 22:54 | Crear | Villager (Male) |
| 23:00 | Construir | House |
| 23:05 | Crear | Villager (Male) |
| 23:05 | Crear | Villager (Male) |
| 23:07 | Construir | Farm |
| 23:08 | Crear | Villager (Male) |
| 23:13 | Investigar | Horse Collar |
| 23:19 | Crear | Galley |
| 23:19 | Crear | Galley |
| 23:32 | Construir | House |
| 23:33 | Crear | Villager (Male) |
| 23:33 | Crear | Villager (Male) |
| 23:39 | Construir | Lumber Camp |
| 23:57 | Crear | Villager (Male) |
| 23:57 | Crear | Villager (Male) |
| 24:00 | Construir | Farm |
| 24:07 | Crear | Villager (Male) |
| 24:07 | Crear | Villager (Male) |
| 24:08 | Crear | Villager (Male) |
| 24:10 | Construir | Farm |
| 24:17 | Construir | House |
| 24:29 | Crear | Villager (Male) |
| 24:37 | Crear | Galley |
| 24:38 | Crear | Galley |
| 24:38 | Crear | Galley |
| 24:39 | Crear | Villager (Male) |
| 25:02 | Crear | Unit 2626 |
Build order — EL_REY_TUT
Primeras 150 de 421 acciones detectadas
| 0:08 | Construir | Town Center |
| 1:20 | Construir | Dock |
| 2:28 | Crear | Villager (Male) |
| 2:29 | Crear | Villager (Male) |
| 2:29 | Crear | Villager (Male) |
| 2:29 | Crear | Villager (Male) |
| 2:37 | Crear | Fishing Ship |
| 2:38 | Crear | Fishing Ship |
| 2:40 | Crear | Villager (Male) |
| 2:51 | Crear | Villager (Male) |
| 2:51 | Crear | Villager (Male) |
| 3:45 | Construir | House |
| 4:01 | Crear | Villager (Male) |
| 4:01 | Crear | Villager (Male) |
| 4:15 | Crear | Fishing Ship |
| 4:16 | Crear | Fishing Ship |
| 4:50 | Crear | Fishing Ship |
| 5:07 | Construir | House |
| 5:19 | Crear | Villager (Male) |
| 5:37 | Construir | House |
| 5:48 | Crear | Villager (Male) |
| 5:48 | Crear | Villager (Male) |
| 6:03 | Crear | Fishing Ship |
| 6:08 | Construir | Palisade Wall |
| 6:16 | Construir | Palisade Wall |
| 6:21 | Construir | Palisade Wall |
| 6:31 | Crear | Villager (Male) |
| 6:32 | Crear | Villager (Male) |
| 6:33 | Crear | Villager (Male) |
| 6:33 | Crear | Villager (Male) |
| 6:37 | Construir | Palisade Wall |
| 6:46 | Crear | Fishing Ship |
| 6:50 | Construir | Palisade Wall |
| 6:59 | Crear | Villager (Male) |
| 7:00 | Crear | Villager (Male) |
| 7:24 | Crear | Villager (Male) |
| 7:27 | Crear | Fishing Ship |
| 7:42 | Crear | Villager (Male) |
| 7:50 | Crear | Villager (Male) |
| 7:59 | Crear | Villager (Male) |
| 8:11 | Crear | Villager (Male) |
| 8:11 | Crear | Villager (Male) |
| 8:39 | Crear | Villager (Male) |
| 8:47 | Crear | Villager (Male) |
| 8:59 | Construir | House |
| 9:05 | Crear | Villager (Male) |
| 9:09 | Construir | Mining Camp |
| 9:32 | Investigar | Loom |
| 9:36 | Construir | House |
| 9:46 | Investigar | Feudal Age |
| 10:17 | Construir | Lumber Camp |
| 10:51 | Construir | House |
| 11:08 | Construir | Palisade Wall |
| 11:15 | Construir | Dock |
| 11:22 | Construir | Palisade Wall |
| 11:38 | Construir | Palisade Wall |
| 11:44 | Crear | Villager (Male) |
| 12:07 | Edad | Edad Feudal |
| 12:07 | Crear | Villager (Male) |
| 12:16 | Construir | Stone Wall |
| 12:19 | Construir | Blacksmith |
| 12:28 | Crear | Villager (Male) |
| 12:30 | Construir | Mill |
| 13:29 | Construir | Market |
| 13:34 | Crear | Villager (Male) |
| 14:07 | Construir | Mining Camp |
| 14:14 | Investigar | Castle Age |
| 14:14 | Investigar | Castle Age |
| 14:14 | Investigar | Castle Age |
| 14:19 | Investigar | Double-Bit Axe |
| 14:20 | Investigar | Double-Bit Axe |
| 15:12 | Construir | House |
| 15:26 | Investigar | Gold Mining |
| 15:50 | Construir | Dock |
| 16:36 | Crear | Fishing Ship |
| 16:39 | Crear | Fishing Ship |
| 16:54 | Edad | Edad de los Castillos |
| 16:55 | Crear | Villager (Male) |
| 16:57 | Crear | Villager (Male) |
| 17:06 | Construir | Monastery |
| 17:14 | Investigar | Bow Saw |
| 17:14 | Crear | Villager (Male) |
| 17:33 | Crear | Villager (Male) |
| 17:39 | Crear | Monk |
| 17:53 | Crear | Villager (Male) |
| 18:13 | Construir | Castle |
| 18:21 | Crear | Villager (Male) |
| 18:24 | Crear | Monk |
| 18:40 | Crear | Villager (Male) |
| 18:50 | Construir | Town Center |
| 18:56 | Crear | Villager (Male) |
| 19:15 | Crear | Villager (Male) |
| 19:16 | Crear | Villager (Male) |
| 19:41 | Crear | Villager (Male) |
| 19:42 | Crear | Leitis |
| 19:48 | Crear | Villager (Male) |
| 20:08 | Crear | Villager (Male) |
| 20:14 | Crear | Villager (Male) |
| 20:21 | Crear | Leitis |
| 20:34 | Crear | Leitis |
| 20:43 | Crear | Villager (Male) |
| 20:53 | Investigar | Scale Barding Armor |
| 21:02 | Crear | Villager (Male) |
| 21:06 | Crear | Leitis |
| 21:15 | Construir | Barracks |
| 21:29 | Crear | Villager (Male) |
| 21:32 | Crear | Leitis |
| 21:39 | Investigar | Chain Barding Armor |
| 21:39 | Investigar | Chain Barding Armor |
| 21:40 | Crear | Villager (Male) |
| 21:52 | Construir | Stable |
| 22:02 | Construir | Town Center |
| 22:06 | Crear | Villager (Male) |
| 22:14 | Crear | Villager (Male) |
| 22:28 | Crear | Leitis |
| 22:34 | Construir | Mining Camp |
| 22:37 | Crear | Leitis |
| 23:01 | Crear | Villager (Male) |
| 23:06 | Construir | Lumber Camp |
| 23:12 | Crear | Villager (Male) |
| 23:20 | Crear | Villager (Male) |
| 23:28 | Crear | Villager (Male) |
| 23:34 | Crear | Villager (Male) |
| 23:35 | Crear | Leitis |
| 23:37 | Crear | Leitis |
| 23:41 | Crear | Villager (Male) |
| 23:45 | Crear | Leitis |
| 23:48 | Crear | Villager (Male) |
| 23:55 | Investigar | Horse Collar |
| 23:56 | Crear | Villager (Male) |
| 24:01 | Construir | Farm |
| 24:02 | Construir | Farm |
| 24:04 | Construir | Farm |
| 24:09 | Crear | Villager (Male) |
| 24:12 | Crear | Villager (Male) |
| 24:15 | Crear | Villager (Male) |
| 24:27 | Crear | Leitis |
| 24:30 | Construir | Farm |
| 24:33 | Construir | Farm |
| 24:36 | Crear | Villager (Male) |
| 24:40 | Investigar | Forging |
| 24:41 | Crear | Villager (Male) |
| 24:53 | Crear | Villager (Male) |
| 24:59 | Construir | House |
| 24:59 | Construir | House |
| 25:00 | Construir | House |
| 25:00 | Construir | House |
| 25:16 | Crear | Leitis |
| 25:16 | Crear | Leitis |
| 25:22 | Construir | Farm |
Build order — The Bloody-Nine
Primeras 150 de 349 acciones detectadas
| 0:16 | Construir | Town Center |
| 0:48 | Construir | Dock |
| 2:38 | Crear | Villager (Male) |
| 2:38 | Crear | Villager (Male) |
| 2:38 | Crear | Villager (Male) |
| 2:39 | Crear | Villager (Male) |
| 2:39 | Crear | Villager (Male) |
| 2:48 | Crear | Fishing Ship |
| 3:21 | Crear | Villager (Male) |
| 3:39 | Investigar | Loom |
| 3:45 | Construir | House |
| 4:20 | Crear | Fishing Ship |
| 4:50 | Crear | Villager (Male) |
| 4:53 | Crear | Fishing Ship |
| 5:35 | Crear | Villager (Male) |
| 5:41 | Crear | Fishing Ship |
| 5:56 | Crear | Villager (Male) |
| 6:00 | Construir | House |
| 6:27 | Crear | Villager (Male) |
| 6:31 | Crear | Fishing Ship |
| 6:53 | Crear | Villager (Male) |
| 7:04 | Construir | House |
| 7:09 | Crear | Fishing Ship |
| 7:19 | Crear | Villager (Male) |
| 7:32 | Crear | Villager (Male) |
| 7:32 | Crear | Villager (Male) |
| 7:56 | Crear | Fishing Ship |
| 8:01 | Crear | Villager (Male) |
| 8:03 | Crear | Villager (Male) |
| 8:43 | Construir | Dock |
| 8:58 | Crear | Villager (Male) |
| 9:13 | Construir | Mill |
| 9:23 | Crear | Villager (Male) |
| 9:59 | Crear | Villager (Male) |
| 10:04 | Construir | House |
| 10:11 | Crear | Villager (Male) |
| 10:34 | Construir | House |
| 10:48 | Construir | Mining Camp |
| 10:50 | Investigar | Feudal Age |
| 11:22 | Construir | Lumber Camp |
| 11:34 | Construir | Palisade Wall |
| 11:35 | Construir | Palisade Wall |
| 11:38 | Construir | Palisade Wall |
| 11:41 | Construir | Palisade Wall |
| 12:17 | Crear | Villager (Male) |
| 13:00 | Edad | Edad Feudal |
| 13:01 | Construir | Blacksmith |
| 13:07 | Construir | Market |
| 13:12 | Investigar | Double-Bit Axe |
| 13:41 | Crear | Fire Galley |
| 13:41 | Crear | Fire Galley |
| 14:02 | Investigar | Castle Age |
| 14:19 | Construir | Dock |
| 14:25 | Crear | Villager (Male) |
| 15:05 | Crear | Fire Galley |
| 15:05 | Crear | Fire Galley |
| 15:21 | Crear | Fire Galley |
| 15:38 | Construir | House |
| 15:53 | Crear | Fire Galley |
| 15:54 | Crear | Villager (Male) |
| 16:20 | Crear | Fire Galley |
| 16:42 | Edad | Edad de los Castillos |
| 16:47 | Investigar | War Galley (upgrade) |
| 17:04 | Investigar | Fletching |
| 17:05 | Crear | Villager (Male) |
| 17:11 | Investigar | Bow Saw |
| 17:32 | Crear | Galley ×2 |
| 17:54 | Crear | Villager (Male) |
| 18:01 | Crear | Fire Galley ×2 |
| 18:01 | Crear | Fire Galley ×2 |
| 18:06 | Crear | Villager (Male) |
| 18:53 | Crear | Villager (Male) |
| 18:56 | Crear | Fire Galley ×4 |
| 18:58 | Construir | House |
| 18:59 | Construir | House |
| 18:59 | Construir | House |
| 19:02 | Investigar | Bodkin Arrow |
| 19:22 | Construir | Town Center |
| 20:18 | Crear | Galley |
| 20:28 | Crear | Villager (Male) |
| 20:43 | Investigar | Tech 906 |
| 20:56 | Crear | Villager (Male) |
| 20:57 | Crear | Villager (Male) |
| 21:13 | Crear | Villager (Male) |
| 21:15 | Construir | House |
| 21:16 | Construir | House |
| 21:23 | Crear | Villager (Male) |
| 21:28 | Crear | Villager (Male) |
| 21:43 | Crear | Fire Galley ×2 |
| 21:45 | Crear | Villager (Male) |
| 21:54 | Crear | Villager (Male) |
| 22:21 | Crear | Villager (Male) |
| 22:33 | Crear | Villager (Male) |
| 22:36 | Construir | House |
| 22:37 | Construir | House |
| 22:37 | Construir | House |
| 22:53 | Construir | University |
| 22:54 | Crear | Villager (Male) |
| 23:02 | Construir | Town Center |
| 23:32 | Investigar | Gillnets |
| 23:35 | Crear | Fire Galley ×2 |
| 23:37 | Crear | Villager (Male) |
| 23:46 | Construir | Mill |
| 23:59 | Investigar | Careening |
| 24:10 | Crear | Fire Galley ×3 |
| 24:11 | Crear | Villager (Male) |
| 24:29 | Construir | Dock |
| 24:51 | Crear | Villager (Male) |
| 24:57 | Investigar | Town Watch |
| 24:58 | Crear | Villager (Male) |
| 25:17 | Investigar | Tech 908 |
| 25:31 | Construir | Lumber Camp |
| 25:34 | Construir | Lumber Camp |
| 25:37 | Crear | Fishing Ship |
| 25:37 | Crear | Fishing Ship ×3 |
| 25:40 | Crear | Villager (Male) |
| 26:12 | Crear | Villager (Male) |
| 26:16 | Crear | Villager (Male) |
| 26:17 | Crear | Villager (Male) |
| 26:17 | Crear | Villager (Male) |
| 26:17 | Crear | Villager (Male) |
| 26:41 | Crear | Villager (Male) |
| 26:43 | Investigar | Ballistics |
| 26:43 | Crear | Villager (Male) |
| 27:19 | Investigar | Tech 905 |
| 27:20 | Crear | Demolition Raft ×2 |
| 27:20 | Crear | Demolition Raft ×2 |
| 27:23 | Crear | Villager (Male) |
| 27:33 | Construir | Farm |
| 27:33 | Construir | Farm |
| 27:33 | Construir | Farm |
| 27:33 | Construir | Farm |
| 27:34 | Construir | Farm |
| 27:34 | Construir | Farm |
| 27:34 | Construir | Farm |
| 27:35 | Construir | Farm |
| 27:35 | Construir | Farm |
| 27:35 | Construir | Farm |
| 27:36 | Construir | Farm |
| 27:36 | Construir | Farm |
| 27:51 | Construir | Town Center |
| 27:53 | Crear | Villager (Male) |
| 27:53 | Crear | Villager (Male) |
| 27:58 | Investigar | Horse Collar |
| 27:59 | Crear | Villager (Male) |
| 28:03 | Construir | Farm |
| 28:03 | Construir | Farm |
| 28:03 | Construir | Farm |
| 28:04 | Construir | Farm |
| 28:04 | Construir | Farm |
Build order — El mejor Sanguche de miga
Primeras 150 de 253 acciones detectadas
| 0:09 | Construir | Town Center |
| 1:55 | Construir | Dock |
| 2:34 | Crear | Villager (Male) |
| 2:34 | Crear | Villager (Male) |
| 2:34 | Crear | Villager (Male) |
| 2:35 | Crear | Villager (Male) |
| 2:35 | Crear | Villager (Male) |
| 3:16 | Crear | Fishing Ship |
| 4:28 | Crear | Villager (Male) |
| 4:44 | Crear | Fishing Ship |
| 4:51 | Crear | Villager (Male) |
| 5:19 | Construir | House |
| 5:26 | Crear | Villager (Male) |
| 5:26 | Crear | Villager (Male) |
| 5:34 | Investigar | Loom |
| 5:35 | Crear | Villager (Male) |
| 5:52 | Crear | Fishing Ship |
| 6:11 | Crear | Villager (Male) |
| 6:56 | Crear | Villager (Male) |
| 7:18 | Crear | Villager (Male) |
| 7:22 | Construir | House |
| 7:44 | Crear | Fishing Ship |
| 7:57 | Crear | Villager (Male) |
| 7:58 | Crear | Villager (Male) |
| 8:33 | Crear | Villager (Male) |
| 8:36 | Crear | Fishing Ship |
| 8:54 | Construir | House |
| 8:59 | Crear | Villager (Male) |
| 9:34 | Crear | Villager (Male) |
| 9:35 | Crear | Villager (Male) |
| 9:37 | Crear | Villager (Male) |
| 9:52 | Construir | Mill |
| 10:02 | Construir | Mill |
| 10:19 | Crear | Villager (Male) |
| 10:27 | Crear | Fishing Ship |
| 11:12 | Investigar | Feudal Age |
| 11:38 | Construir | Mining Camp |
| 11:54 | Crear | Villager (Male) |
| 12:01 | Construir | House |
| 12:04 | Construir | House |
| 12:43 | Crear | Villager (Male) |
| 13:22 | Edad | Edad Feudal |
| 13:25 | Construir | Dock |
| 13:42 | Construir | Market |
| 13:57 | Construir | Blacksmith |
| 14:25 | Crear | Villager (Male) |
| 14:57 | Investigar | Castle Age |
| 15:10 | Construir | Lumber Camp |
| 15:57 | Investigar | Double-Bit Axe |
| 16:12 | Construir | Barracks |
| 16:16 | Investigar | Fletching |
| 17:11 | Construir | Archery Range |
| 17:26 | Investigar | Padded Archer Armor |
| 17:37 | Edad | Edad de los Castillos |
| 17:55 | Construir | Town Center |
| 18:04 | Crear | Archer |
| 18:04 | Crear | Archer |
| 18:11 | Construir | House |
| 18:23 | Crear | Villager (Male) |
| 18:51 | Construir | Archery Range |
| 18:54 | Crear | Archer |
| 19:04 | Crear | Archer |
| 19:18 | Construir | Farm |
| 19:39 | Crear | Villager (Male) |
| 19:50 | Construir | Farm |
| 19:56 | Construir | Farm |
| 20:02 | Construir | Farm |
| 20:07 | Crear | Archer |
| 20:07 | Crear | Archer |
| 20:07 | Crear | Archer |
| 20:08 | Crear | Archer |
| 20:19 | Construir | House |
| 20:25 | Crear | Archer |
| 20:25 | Crear | Archer |
| 20:37 | Construir | Farm |
| 20:45 | Construir | Farm |
| 21:02 | Crear | Archer |
| 21:10 | Construir | Farm |
| 21:14 | Construir | Farm |
| 21:16 | Crear | Villager (Male) |
| 21:26 | Construir | Farm |
| 21:27 | Crear | Villager (Male) |
| 22:22 | Construir | Palisade Wall |
| 22:27 | Crear | Villager (Male) |
| 22:28 | Crear | Villager (Male) |
| 22:31 | Construir | Farm |
| 22:33 | Crear | Villager (Male) |
| 22:39 | Construir | Mining Camp |
| 22:48 | Crear | Archer |
| 22:56 | Construir | Farm |
| 23:06 | Crear | Villager (Male) |
| 23:07 | Crear | Villager (Male) |
| 23:19 | Crear | Villager (Male) |
| 23:24 | Construir | Farm |
| 23:30 | Crear | Villager (Male) |
| 23:35 | Construir | House |
| 23:45 | Construir | House |
| 23:50 | Crear | Villager (Male) |
| 24:00 | Investigar | Crossbowman (upgrade) |
| 24:00 | Crear | Archer |
| 24:01 | Crear | Archer |
| 24:02 | Crear | Archer |
| 24:02 | Crear | Archer |
| 24:12 | Crear | Villager (Male) |
| 24:19 | Construir | Farm |
| 24:26 | Construir | Farm |
| 24:30 | Crear | Archer |
| 24:31 | Crear | Archer |
| 24:39 | Investigar | Bodkin Arrow |
| 24:48 | Construir | House |
| 25:10 | Crear | Archer |
| 25:12 | Crear | Archer |
| 25:16 | Investigar | Town Watch |
| 25:27 | Crear | Villager (Male) |
| 25:27 | Crear | Villager (Male) |
| 25:27 | Crear | Villager (Male) |
| 25:29 | Crear | Villager (Male) |
| 26:25 | Crear | Villager (Male) |
| 26:25 | Crear | Villager (Male) |
| 26:26 | Crear | Villager (Male) |
| 26:49 | Construir | Farm |
| 26:49 | Construir | Farm |
| 26:50 | Construir | Farm |
| 26:53 | Investigar | Horse Collar |
| 27:00 | Crear | Villager (Male) |
| 27:01 | Crear | Villager (Male) |
| 27:04 | Crear | Villager (Male) |
| 27:17 | Construir | Lumber Camp |
| 27:19 | Crear | Villager (Male) |
| 27:34 | Crear | Villager (Male) |
| 27:45 | Construir | Town Center |
| 28:18 | Crear | Villager (Male) |
| 28:24 | Construir | House |
| 28:35 | Construir | House |
| 28:37 | Investigar | Bow Saw |
| 28:38 | Crear | Villager (Male) |
| 29:27 | Crear | Villager (Male) |
| 29:28 | Crear | Villager (Male) |
| 29:28 | Crear | Villager (Male) |
| 29:32 | Construir | University |
| 29:41 | Construir | Archery Range |
| 29:50 | Crear | Villager (Male) |
| 29:50 | Crear | Villager (Male) |
| 29:51 | Crear | Villager (Male) |
| 30:16 | Crear | Villager (Male) |
| 30:16 | Crear | Villager (Male) |
| 30:24 | Crear | Villager (Male) |
| 30:26 | Crear | Villager (Male) |
| 30:26 | Crear | Villager (Male) |
| 30:30 | Construir | House |
Build order — 姆狗
Primeras 150 de 317 acciones detectadas
| 0:37 | Construir | Town Center |
| 1:51 | Construir | House |
| 2:09 | Construir | Dock |
| 2:54 | Crear | Villager (Male) |
| 2:54 | Crear | Villager (Male) |
| 2:55 | Crear | Villager (Male) |
| 2:55 | Crear | Villager (Male) |
| 2:55 | Crear | Villager (Male) |
| 3:00 | Construir | Palisade Wall |
| 3:01 | Construir | Palisade Wall |
| 3:03 | Construir | Palisade Wall |
| 3:09 | Construir | Palisade Wall |
| 4:04 | Crear | Fishing Ship |
| 4:32 | Investigar | Loom |
| 4:42 | Crear | Fishing Ship |
| 5:16 | Crear | Villager (Male) |
| 5:17 | Crear | Villager (Male) |
| 5:42 | Crear | Villager (Male) |
| 5:43 | Crear | Villager (Male) |
| 5:54 | Construir | House |
| 5:56 | Construir | Palisade Wall |
| 6:09 | Crear | Villager (Male) |
| 6:09 | Crear | Villager (Male) |
| 6:32 | Crear | Villager (Male) |
| 6:32 | Crear | Villager (Male) |
| 6:36 | Crear | Fishing Ship |
| 6:36 | Crear | Fishing Ship |
| 6:57 | Crear | Villager (Male) |
| 6:57 | Crear | Villager (Male) |
| 7:15 | Crear | Fishing Ship |
| 7:15 | Crear | Fishing Ship |
| 7:26 | Crear | Villager (Male) |
| 7:27 | Crear | Villager (Male) |
| 7:27 | Crear | Villager (Male) |
| 7:39 | Construir | House |
| 8:04 | Crear | Villager (Male) |
| 8:04 | Crear | Villager (Male) |
| 8:07 | Crear | Fishing Ship |
| 8:07 | Crear | Fishing Ship |
| 8:22 | Crear | Villager (Male) |
| 8:22 | Crear | Villager (Male) |
| 8:28 | Construir | House |
| 8:46 | Crear | Villager (Male) |
| 8:47 | Crear | Villager (Male) |
| 8:47 | Crear | Villager (Male) |
| 8:51 | Crear | Fishing Ship |
| 8:52 | Crear | Fishing Ship |
| 9:17 | Crear | Villager (Male) |
| 9:28 | Crear | Villager (Male) |
| 9:49 | Crear | Villager (Male) |
| 9:57 | Construir | Mill |
| 11:16 | Construir | Palisade Gate |
| 11:21 | Construir | Palisade Wall |
| 11:30 | Investigar | Feudal Age |
| 11:30 | Investigar | Feudal Age |
| 12:05 | Construir | Dock |
| 12:39 | Crear | Fishing Ship |
| 12:47 | Crear | Fishing Ship |
| 12:50 | Construir | House |
| 13:46 | Edad | Edad Feudal |
| 13:49 | Crear | Villager (Male) |
| 13:49 | Crear | Villager (Male) |
| 13:59 | Construir | Market |
| 14:24 | Crear | Villager (Male) |
| 14:41 | Construir | Blacksmith |
| 14:53 | Crear | Villager (Male) |
| 15:17 | Construir | Palisade Gate |
| 15:20 | Construir | Palisade Wall |
| 15:22 | Investigar | Castle Age |
| 15:22 | Investigar | Castle Age |
| 15:31 | Construir | Palisade Wall |
| 15:37 | Construir | Palisade Wall |
| 15:39 | Construir | Palisade Wall |
| 15:59 | Construir | Dock |
| 16:01 | Investigar | Tech 906 |
| 16:40 | Construir | Lumber Camp |
| 16:56 | Investigar | Double-Bit Axe |
| 17:15 | Construir | House |
| 17:56 | Crear | Fishing Ship |
| 17:56 | Crear | Fishing Ship |
| 17:58 | Construir | House |
| 18:09 | Edad | Edad de los Castillos |
| 18:34 | Construir | Castle |
| 18:41 | Crear | Villager (Male) |
| 18:42 | Crear | Villager (Male) |
| 18:42 | Crear | Villager (Male) |
| 18:44 | Investigar | Bow Saw |
| 18:49 | Crear | Villager (Male) |
| 19:13 | Construir | Outpost |
| 19:16 | Crear | Villager (Male) |
| 19:42 | Crear | Villager (Male) |
| 19:49 | Crear | Villager (Male) |
| 20:10 | Construir | House |
| 20:13 | Crear | Villager (Male) |
| 20:32 | Construir | Town Center |
| 21:13 | Crear | Villager (Male) |
| 21:14 | Crear | Villager (Male) |
| 21:16 | Crear | Berserk |
| 21:22 | Crear | Berserk |
| 21:28 | Crear | Villager (Male) |
| 21:31 | Crear | Villager (Male) |
| 21:35 | Crear | Villager (Male) |
| 21:50 | Crear | Villager (Male) |
| 21:51 | Crear | Villager (Male) |
| 22:15 | Construir | Town Center |
| 22:24 | Construir | Outpost |
| 22:42 | Construir | Mining Camp |
| 23:00 | Construir | Farm |
| 23:01 | Construir | Farm |
| 23:02 | Construir | Farm |
| 23:04 | Construir | Farm |
| 23:05 | Construir | Farm |
| 23:06 | Construir | Farm |
| 23:07 | Construir | Farm |
| 23:11 | Crear | Villager (Male) |
| 23:15 | Construir | Farm |
| 23:16 | Construir | Farm |
| 23:22 | Construir | Farm |
| 23:24 | Crear | Villager (Male) |
| 23:54 | Construir | Siege Workshop |
| 24:06 | Construir | Farm |
| 24:08 | Construir | Farm |
| 24:12 | Crear | Villager (Male) |
| 24:30 | Crear | Mangonel |
| 24:34 | Crear | Mangonel |
| 24:36 | Crear | Villager (Male) |
| 24:38 | Crear | Villager (Male) |
| 25:03 | Crear | Villager (Male) |
| 25:04 | Crear | Berserk |
| 25:26 | Crear | Villager (Male) |
| 25:28 | Crear | Villager (Male) |
| 25:36 | Construir | Castle |
| 25:46 | Crear | Villager (Male) |
| 25:47 | Crear | Villager (Male) |
| 25:49 | Crear | Villager (Male) |
| 26:00 | Construir | Town Center |
| 26:02 | Crear | Berserk |
| 26:41 | Construir | Mining Camp |
| 26:42 | Crear | Villager (Male) |
| 26:44 | Construir | Farm |
| 26:46 | Crear | Villager (Male) |
| 26:48 | Crear | Villager (Male) |
| 26:51 | Crear | Villager (Male) |
| 26:54 | Crear | Villager (Male) |
| 26:55 | Crear | Villager (Male) |
| 27:08 | Construir | Gate |
| 27:12 | Construir | Stone Wall |
| 27:12 | Construir | Stone Wall |
| 27:13 | Construir | Stone Wall |
| 27:22 | Construir | Stone Wall |
Build order — [ Vallenar ] Doctor Simi
Primeras 150 de 306 acciones detectadas
| 0:17 | Construir | Town Center |
| 1:09 | Construir | Dock |
| 2:31 | Crear | Villager (Male) ×5 |
| 2:31 | Crear | Villager (Male) ×5 |
| 2:32 | Crear | Villager (Male) |
| 2:49 | Crear | Fishing Ship |
| 2:49 | Crear | Fishing Ship |
| 2:49 | Crear | Fishing Ship |
| 3:19 | Crear | Villager (Male) |
| 3:19 | Crear | Villager (Male) |
| 4:07 | Construir | House |
| 4:22 | Crear | Villager (Male) |
| 4:57 | Crear | Villager (Male) |
| 5:06 | Crear | Villager (Male) |
| 5:10 | Crear | Fishing Ship |
| 5:11 | Crear | Fishing Ship |
| 5:27 | Crear | Villager (Male) |
| 5:44 | Construir | House |
| 5:49 | Crear | Villager (Male) |
| 6:40 | Crear | Villager (Male) |
| 6:51 | Crear | Villager (Male) |
| 6:52 | Crear | Fishing Ship |
| 7:20 | Crear | Fishing Ship |
| 7:29 | Construir | House |
| 8:01 | Crear | Villager (Male) |
| 8:42 | Crear | Villager (Male) |
| 9:08 | Construir | House |
| 9:13 | Construir | Mining Camp |
| 9:19 | Crear | Villager (Male) |
| 9:38 | Crear | Villager (Male) |
| 10:06 | Investigar | Feudal Age |
| 10:20 | Construir | Dock |
| 11:50 | Construir | Dock |
| 11:54 | Construir | Lumber Camp |
| 12:19 | Edad | Edad Feudal |
| 12:19 | Crear | Villager (Male) |
| 12:23 | Crear | Galley |
| 12:23 | Crear | Galley |
| 12:23 | Crear | Galley |
| 12:29 | Crear | Galley |
| 12:33 | Construir | House |
| 12:42 | Crear | Villager (Male) |
| 12:43 | Investigar | Double-Bit Axe |
| 12:44 | Investigar | Double-Bit Axe |
| 13:13 | Crear | Villager (Male) |
| 13:14 | Crear | Villager (Male) |
| 13:29 | Crear | Galley |
| 13:30 | Crear | Villager (Male) |
| 13:31 | Crear | Galley |
| 13:41 | Crear | Villager (Male) |
| 13:51 | Construir | Mill |
| 14:09 | Crear | Villager (Male) |
| 14:26 | Construir | Blacksmith |
| 14:38 | Construir | Lumber Camp |
| 15:08 | Crear | Villager (Male) |
| 15:19 | Investigar | Horse Collar |
| 15:23 | Construir | Farm |
| 15:23 | Construir | Farm |
| 15:25 | Construir | Farm |
| 15:33 | Crear | Villager (Male) |
| 15:37 | Crear | Fishing Ship |
| 15:40 | Crear | Villager (Male) |
| 15:47 | Construir | Farm |
| 16:01 | Construir | House |
| 16:04 | Construir | Palisade Wall |
| 16:14 | Crear | Villager (Male) |
| 16:22 | Construir | Market |
| 16:27 | Construir | House |
| 16:58 | Crear | Villager (Male) |
| 17:08 | Crear | Villager (Male) |
| 17:22 | Crear | Villager (Male) |
| 17:32 | Construir | Outpost |
| 17:33 | Construir | Outpost |
| 17:34 | Investigar | Town Watch |
| 18:01 | Construir | Palisade Wall |
| 18:06 | Construir | Mining Camp |
| 18:10 | Crear | Villager (Male) |
| 18:13 | Investigar | Wheelbarrow |
| 18:22 | Construir | Palisade Wall |
| 18:28 | Investigar | Castle Age |
| 19:17 | Construir | Mill |
| 19:20 | Construir | Farm |
| 19:20 | Construir | Farm |
| 19:20 | Construir | Farm |
| 19:21 | Construir | Farm |
| 19:37 | Construir | Outpost |
| 19:43 | Construir | Outpost |
| 19:52 | Construir | Barracks |
| 20:15 | Construir | Farm |
| 20:16 | Construir | Farm |
| 20:29 | Construir | Outpost |
| 20:56 | Investigar | Loom |
| 21:08 | Construir | Stable |
| 21:12 | Construir | Outpost |
| 21:19 | Edad | Edad de los Castillos |
| 21:21 | Construir | Outpost |
| 21:27 | Construir | Monastery |
| 21:34 | Construir | Outpost |
| 21:48 | Crear | Villager (Male) |
| 21:50 | Crear | Villager (Male) |
| 21:53 | Investigar | Bow Saw |
| 22:10 | Crear | Scout Cavalry |
| 22:16 | Crear | Villager (Male) |
| 22:16 | Crear | Monk |
| 22:18 | Construir | Farm |
| 22:19 | Construir | Farm |
| 22:25 | Crear | Monk |
| 22:31 | Investigar | Scale Barding Armor |
| 22:39 | Construir | Outpost |
| 22:48 | Crear | Knight |
| 22:48 | Crear | Knight |
| 22:52 | Construir | Palisade Gate |
| 23:06 | Crear | Villager (Male) |
| 23:13 | Construir | Stable |
| 23:22 | Crear | Monk |
| 23:32 | Crear | Villager (Male) |
| 23:36 | Construir | Town Center |
| 23:48 | Crear | Knight |
| 23:58 | Construir | House |
| 24:10 | Crear | Knight |
| 24:27 | Crear | Knight |
| 24:27 | Crear | Knight |
| 24:31 | Construir | House |
| 24:41 | Investigar | Forging |
| 24:42 | Crear | Villager (Male) |
| 24:45 | Construir | Farm |
| 24:50 | Crear | Villager (Male) |
| 24:51 | Crear | Villager (Male) |
| 24:52 | Crear | Villager (Male) |
| 25:11 | Crear | Monk |
| 25:11 | Crear | Villager (Male) |
| 25:17 | Investigar | Bloodlines |
| 25:17 | Investigar | Husbandry |
| 25:26 | Crear | Villager (Male) |
| 25:30 | Construir | Farm |
| 25:31 | Construir | Farm |
| 25:31 | Construir | Farm |
| 25:31 | Construir | Farm |
| 25:31 | Construir | Farm |
| 25:31 | Construir | Farm |
| 25:54 | Crear | Villager (Male) |
| 26:00 | Construir | House |
| 26:01 | Construir | House |
| 26:01 | Construir | House |
| 26:02 | Construir | House |
| 26:02 | Construir | House |
| 26:02 | Construir | House |
| 26:10 | Investigar | Chain Barding Armor |
| 26:20 | Construir | Stone Wall |
| 26:24 | Crear | Villager (Male) |
Build order — 我是你大飞哥
Primeras 150 de 398 acciones detectadas
| 0:27 | Construir | Town Center |
| 1:03 | Construir | Dock |
| 1:04 | Construir | House |
| 2:53 | Crear | Villager (Male) ×4 |
| 2:54 | Crear | Villager (Male) ×4 |
| 3:32 | Crear | Fishing Ship |
| 3:33 | Crear | Fishing Ship |
| 3:33 | Crear | Fishing Ship |
| 3:58 | Investigar | Loom |
| 3:59 | Crear | Villager (Male) |
| 3:59 | Crear | Villager (Male) |
| 4:05 | Crear | Villager (Male) |
| 4:05 | Crear | Villager (Male) |
| 4:50 | Crear | Fishing Ship |
| 4:50 | Crear | Fishing Ship |
| 5:05 | Investigar | Loom |
| 5:19 | Crear | Villager (Male) |
| 5:19 | Crear | Villager (Male) |
| 5:26 | Crear | Fishing Ship |
| 5:27 | Crear | Fishing Ship |
| 5:27 | Crear | Fishing Ship |
| 5:45 | Crear | Villager (Male) |
| 5:45 | Crear | Villager (Male) |
| 6:10 | Crear | Villager (Male) |
| 6:10 | Crear | Villager (Male) |
| 6:17 | Crear | Fishing Ship |
| 6:17 | Crear | Fishing Ship |
| 6:28 | Construir | House |
| 6:32 | Crear | Villager (Male) |
| 6:33 | Crear | Villager (Male) |
| 7:00 | Crear | Villager (Male) |
| 7:00 | Crear | Villager (Male) |
| 7:00 | Crear | Villager (Male) |
| 7:04 | Crear | Villager (Male) |
| 7:04 | Crear | Villager (Male) |
| 7:11 | Crear | Fishing Ship |
| 7:11 | Crear | Fishing Ship |
| 7:37 | Crear | Villager (Male) |
| 7:38 | Crear | Villager (Male) |
| 7:53 | Construir | House |
| 8:02 | Crear | Villager (Male) |
| 8:02 | Crear | Villager (Male) |
| 8:02 | Crear | Villager (Male) |
| 8:06 | Crear | Fishing Ship |
| 8:15 | Crear | Villager (Male) |
| 8:33 | Construir | Dock |
| 8:57 | Crear | Villager (Male) |
| 8:59 | Construir | House |
| 9:13 | Crear | Fishing Ship |
| 9:13 | Crear | Fishing Ship |
| 9:36 | Crear | Fishing Ship |
| 9:36 | Crear | Fishing Ship |
| 9:42 | Crear | Fishing Ship |
| 9:43 | Crear | Fishing Ship |
| 10:20 | Crear | Fishing Ship |
| 10:31 | Crear | Villager (Male) |
| 10:32 | Crear | Villager (Male) |
| 10:37 | Construir | Dock |
| 10:52 | Crear | Villager (Male) |
| 11:02 | Crear | Fishing Ship |
| 11:02 | Crear | Fishing Ship |
| 11:04 | Crear | Villager (Male) |
| 11:34 | Construir | Lumber Camp |
| 11:51 | Investigar | Feudal Age |
| 11:51 | Investigar | Feudal Age |
| 12:10 | Construir | Mining Camp |
| 12:38 | Construir | Dock |
| 12:41 | Construir | House |
| 13:28 | Construir | House |
| 14:20 | Crear | Fishing Ship |
| 14:21 | Crear | Fishing Ship |
| 14:21 | Crear | Fishing Ship |
| 14:21 | Edad | Edad Feudal |
| 14:23 | Crear | Fishing Ship |
| 14:24 | Crear | Villager (Male) |
| 14:24 | Crear | Villager (Male) |
| 14:24 | Crear | Villager (Male) |
| 14:27 | Investigar | Tech 906 |
| 14:27 | Investigar | Tech 906 |
| 14:40 | Investigar | Double-Bit Axe |
| 14:40 | Investigar | Double-Bit Axe |
| 14:42 | Investigar | Gold Mining |
| 14:42 | Investigar | Gold Mining |
| 15:14 | Construir | Blacksmith |
| 15:18 | Crear | Villager (Male) |
| 15:25 | Construir | Mill |
| 15:32 | Crear | Villager (Male) |
| 15:33 | Crear | Villager (Male) |
| 15:50 | Crear | Fishing Ship |
| 15:50 | Crear | Fishing Ship |
| 16:05 | Crear | Villager (Male) |
| 16:21 | Construir | Market |
| 16:30 | Construir | Mining Camp |
| 16:34 | Crear | Villager (Male) |
| 16:41 | Investigar | Stone Mining |
| 16:41 | Investigar | Stone Mining |
| 16:54 | Crear | Villager (Male) |
| 17:23 | Crear | Unit 2626 |
| 17:23 | Crear | Unit 2626 |
| 17:23 | Crear | Unit 2626 |
| 17:24 | Crear | Unit 2626 |
| 17:25 | Crear | Villager (Male) |
| 17:26 | Crear | Villager (Male) |
| 17:32 | Investigar | Castle Age |
| 17:43 | Construir | Lumber Camp |
| 18:09 | Construir | House |
| 18:10 | Construir | House |
| 18:11 | Construir | House |
| 18:12 | Construir | House |
| 18:43 | Crear | Fishing Ship |
| 18:43 | Crear | Fishing Ship |
| 18:43 | Crear | Fishing Ship |
| 19:14 | Construir | Dock |
| 19:39 | Crear | Villager (Male) |
| 19:39 | Crear | Villager (Male) |
| 19:43 | Construir | Lumber Camp |
| 20:16 | Construir | Dock |
| 20:23 | Crear | Villager (Male) |
| 20:23 | Crear | Villager (Male) |
| 20:24 | Edad | Edad de los Castillos |
| 20:34 | Construir | Town Center |
| 20:51 | Investigar | Bow Saw |
| 20:53 | Investigar | Gold Shaft Mining |
| 20:54 | Investigar | Stone Shaft Mining |
| 20:54 | Investigar | Stone Shaft Mining |
| 21:15 | Crear | Villager (Male) |
| 21:15 | Crear | Villager (Male) |
| 21:17 | Investigar | Gillnets |
| 21:17 | Investigar | Gillnets |
| 21:31 | Crear | Villager (Male) |
| 21:31 | Crear | Villager (Male) |
| 21:31 | Crear | Villager (Male) |
| 21:45 | Construir | Town Center |
| 22:16 | Crear | Villager (Male) |
| 22:18 | Investigar | Wheelbarrow |
| 22:23 | Crear | Villager (Male) |
| 22:42 | Crear | Villager (Male) |
| 22:53 | Construir | Dock |
| 23:04 | Construir | Lumber Camp |
| 23:05 | Crear | Villager (Male) |
| 23:06 | Crear | Villager (Male) |
| 23:19 | Construir | Fish Trap |
| 23:22 | Construir | Fish Trap |
| 23:23 | Construir | Fish Trap |
| 23:27 | Construir | Fish Trap |
| 23:29 | Crear | Fishing Ship |
| 23:29 | Crear | Fishing Ship |
| 23:30 | Crear | Villager (Male) |
| 23:48 | Crear | Villager (Male) |
| 23:48 | Crear | Villager (Male) |
Build order — Suikyou
Primeras 150 de 405 acciones detectadas
| 0:10 | Construir | House |
| 0:30 | Construir | Town Center |
| 1:42 | Construir | Dock |
| 2:41 | Crear | Villager (Male) |
| 2:41 | Crear | Villager (Male) |
| 2:42 | Crear | Villager (Male) |
| 2:42 | Crear | Villager (Male) |
| 2:42 | Crear | Villager (Male) |
| 3:06 | Construir | Palisade Wall |
| 4:12 | Crear | Villager (Male) |
| 4:25 | Crear | Fishing Ship |
| 4:42 | Crear | Villager (Male) |
| 4:47 | Construir | House |
| 5:13 | Investigar | Loom |
| 5:35 | Crear | Villager (Male) |
| 5:56 | Crear | Fishing Ship |
| 6:02 | Crear | Villager (Male) |
| 6:23 | Crear | Villager (Male) |
| 6:26 | Crear | Fishing Ship |
| 6:57 | Crear | Villager (Male) |
| 6:57 | Crear | Villager (Male) |
| 7:03 | Crear | Fishing Ship |
| 7:04 | Construir | House |
| 7:26 | Crear | Villager (Male) |
| 7:53 | Crear | Villager (Male) |
| 7:53 | Crear | Villager (Male) |
| 7:53 | Crear | Villager (Male) |
| 7:55 | Crear | Fishing Ship |
| 8:28 | Construir | Mill |
| 9:19 | Crear | Villager (Male) |
| 9:25 | Crear | Fishing Ship |
| 9:29 | Construir | House |
| 9:52 | Construir | House |
| 10:00 | Crear | Villager (Male) |
| 10:10 | Crear | Villager (Male) |
| 10:31 | Crear | Villager (Male) |
| 10:34 | Crear | Fishing Ship |
| 10:42 | Investigar | Feudal Age |
| 10:43 | Investigar | Feudal Age |
| 11:11 | Construir | Mining Camp |
| 11:45 | Construir | Dock |
| 12:49 | Crear | Villager (Male) |
| 12:49 | Crear | Villager (Male) |
| 13:00 | Edad | Edad Feudal |
| 13:01 | Construir | Blacksmith |
| 13:07 | Construir | Market |
| 14:00 | Investigar | Castle Age |
| 14:10 | Construir | House |
| 14:15 | Construir | House |
| 14:29 | Construir | Outpost |
| 14:30 | Construir | Palisade Wall |
| 14:31 | Construir | Palisade Wall |
| 14:51 | Crear | Fire Galley |
| 14:54 | Crear | Fire Galley |
| 15:10 | Construir | Lumber Camp |
| 15:19 | Construir | Outpost |
| 15:27 | Construir | Palisade Wall |
| 15:55 | Construir | Palisade Wall |
| 16:07 | Construir | Outpost |
| 16:13 | Crear | Villager (Male) |
| 16:13 | Crear | Villager (Male) |
| 16:29 | Construir | Outpost |
| 16:31 | Construir | Palisade Wall |
| 16:31 | Construir | Palisade Wall |
| 16:31 | Construir | Palisade Wall |
| 16:40 | Edad | Edad de los Castillos |
| 17:00 | Construir | Town Center |
| 17:14 | Construir | Outpost |
| 17:18 | Crear | Villager (Male) |
| 17:21 | Investigar | Double-Bit Axe |
| 17:49 | Construir | Outpost |
| 17:51 | Crear | Villager (Male) |
| 18:33 | Construir | Town Center |
| 18:39 | Crear | Villager (Male) |
| 18:40 | Crear | Villager (Male) |
| 18:51 | Construir | Palisade Wall |
| 18:58 | Investigar | Bow Saw |
| 19:05 | Crear | Villager (Male) |
| 19:20 | Investigar | Horse Collar |
| 19:20 | Investigar | Horse Collar |
| 19:44 | Crear | Villager (Male) |
| 19:59 | Construir | Farm |
| 20:00 | Crear | Villager (Male) |
| 20:06 | Construir | Farm |
| 20:08 | Construir | Farm |
| 20:15 | Crear | Villager (Male) |
| 20:24 | Construir | Farm |
| 20:27 | Construir | Farm |
| 20:30 | Construir | Farm |
| 20:37 | Crear | Villager (Male) |
| 20:47 | Crear | Villager (Male) |
| 20:50 | Construir | House |
| 20:58 | Construir | Outpost |
| 21:02 | Construir | Farm |
| 21:04 | Construir | Farm |
| 21:07 | Crear | Villager (Male) |
| 21:08 | Crear | Villager (Male) |
| 21:12 | Construir | Farm |
| 21:13 | Construir | Farm |
| 21:15 | Construir | Farm |
| 21:19 | Crear | Villager (Male) |
| 21:24 | Construir | House |
| 21:30 | Crear | Villager (Male) |
| 21:37 | Construir | Farm |
| 21:39 | Construir | Farm |
| 21:54 | Crear | Villager (Male) |
| 22:08 | Construir | Lumber Camp |
| 22:14 | Crear | Villager (Male) |
| 22:19 | Crear | Villager (Male) |
| 22:26 | Construir | House |
| 22:27 | Crear | Villager (Male) |
| 22:29 | Crear | Villager (Male) |
| 22:35 | Construir | Farm |
| 22:36 | Construir | Farm |
| 22:38 | Crear | Villager (Male) |
| 22:43 | Crear | Villager (Male) |
| 22:51 | Construir | Farm |
| 22:53 | Crear | Villager (Male) |
| 23:00 | Crear | Villager (Male) |
| 23:00 | Crear | Villager (Male) |
| 23:01 | Crear | Villager (Male) |
| 23:08 | Construir | House |
| 23:12 | Crear | Villager (Male) |
| 23:17 | Construir | Farm |
| 23:18 | Construir | Farm |
| 23:19 | Construir | Farm |
| 23:20 | Crear | Villager (Male) |
| 23:28 | Construir | Farm |
| 23:30 | Crear | Villager (Male) |
| 23:34 | Construir | Farm |
| 23:37 | Crear | Villager (Male) |
| 23:38 | Crear | Villager (Male) |
| 23:41 | Construir | House |
| 23:53 | Crear | Villager (Male) |
| 24:01 | Crear | Villager (Male) |
| 24:02 | Crear | Villager (Male) |
| 24:19 | Crear | Villager (Male) |
| 24:27 | Crear | Villager (Male) |
| 24:30 | Construir | Town Center |
| 24:34 | Crear | Villager (Male) |
| 24:35 | Crear | Villager (Male) |
| 24:47 | Construir | Farm |
| 24:48 | Construir | Farm |
| 24:52 | Construir | Mill |
| 24:54 | Crear | Villager (Male) |
| 24:58 | Crear | Villager (Male) |
| 25:03 | Crear | Villager (Male) |
| 25:14 | Crear | Villager (Male) |
| 25:20 | Construir | Mining Camp |
| 25:50 | Construir | Castle |
Cronología de la partida
| 0:43 | Alexander the conqueror · first_building Dock |
| 0:48 | The Bloody-Nine · first_building Dock |
| 1:03 | 我是你大飞哥 · first_building Dock |
| 1:09 | [ Vallenar ] Doctor Simi · first_building Dock |
| 1:20 | EL_REY_TUT · first_building Dock |
| 1:42 | Suikyou · first_building Dock |
| 1:55 | El mejor Sanguche de miga · first_building Dock |
| 2:09 | 姆狗 · first_building Dock |
| 3:00 | 姆狗 · wall_segment Palisade Wall x1 |
| 3:01 | 姆狗 · wall_segment Palisade Wall x1 |
| 3:03 | 姆狗 · wall_segment Palisade Wall x1 |
| 3:06 | Suikyou · wall_segment Palisade Wall x1 |
| 3:09 | 姆狗 · wall_segment Palisade Wall x1 |
| 5:56 | 姆狗 · wall_segment Palisade Wall x1 |
| 6:08 | EL_REY_TUT · wall_segment Palisade Wall x1 |
| 6:16 | EL_REY_TUT · wall_segment Palisade Wall x1 |
| 6:21 | EL_REY_TUT · wall_segment Palisade Wall x1 |
| 6:37 | EL_REY_TUT · wall_segment Palisade Wall x1 |
| 6:50 | EL_REY_TUT · wall_segment Palisade Wall x1 |
| 10:16 | Alexander the conqueror · wall_segment Palisade Wall x4 |
| 10:17 | Alexander the conqueror · wall_segment Palisade Wall x5 |
| 11:08 | EL_REY_TUT · wall_segment Palisade Wall x1 |
| 11:10 | Alexander the conqueror · wall_segment Palisade Wall x1 |
| 11:21 | 姆狗 · wall_segment Palisade Wall x1 |
| 11:22 | EL_REY_TUT · wall_segment Palisade Wall x1 |
| 11:34 | The Bloody-Nine · wall_segment Palisade Wall x1 |
| 11:35 | The Bloody-Nine · wall_segment Palisade Wall x1 |
| 11:38 | EL_REY_TUT · wall_segment Palisade Wall x1 |
| 11:38 | The Bloody-Nine · wall_segment Palisade Wall x1 |
| 11:41 | The Bloody-Nine · wall_segment Palisade Wall x1 |
| 11:54 | Alexander the conqueror · wall_segment Palisade Wall x1 |
| 11:55 | Alexander the conqueror · wall_segment Palisade Wall x1 |
| 12:07 | EL_REY_TUT · age_up feudal |
| 12:16 | EL_REY_TUT · wall_segment Stone Wall x2 |
| 12:19 | [ Vallenar ] Doctor Simi · age_up feudal |
| 12:47 | Alexander the conqueror · age_up feudal |
| 13:00 | Suikyou · age_up feudal |
| 13:00 | The Bloody-Nine · age_up feudal |
| 13:22 | El mejor Sanguche de miga · age_up feudal |
| 13:28 | Alexander the conqueror · wall_segment Palisade Wall x1 |
| 13:46 | 姆狗 · age_up feudal |
| 13:59 | Suikyou · first_market_sell 100 wood |
| 14:01 | The Bloody-Nine · first_market_sell 100 stone |
| 14:21 | 我是你大飞哥 · age_up feudal |
| 14:30 | Suikyou · wall_segment Palisade Wall x1 |
| 14:31 | Suikyou · wall_segment Palisade Wall x1 |
| 14:51 | El mejor Sanguche de miga · first_market_sell 100 wood |
| 14:51 | 姆狗 · first_market_sell 100 stone |
| 15:20 | 姆狗 · wall_segment Palisade Wall x1 |
| 15:27 | Suikyou · wall_segment Palisade Wall x5 |
| 15:31 | 姆狗 · wall_segment Palisade Wall x10 |
| 15:37 | 姆狗 · wall_segment Palisade Wall x2 |
| 15:39 | 姆狗 · wall_segment Palisade Wall x8 |
| 15:55 | Suikyou · wall_segment Palisade Wall x8 |
| 16:04 | [ Vallenar ] Doctor Simi · wall_segment Palisade Wall x4 |
| 16:12 | El mejor Sanguche de miga · first_building Barracks |
| 16:31 | Suikyou · wall_segment Palisade Wall x1 |
| 16:31 | Suikyou · wall_segment Palisade Wall x1 |
| 16:31 | Suikyou · wall_segment Palisade Wall x1 |
| 16:40 | Suikyou · age_up castle |
| 16:42 | Alexander the conqueror · age_up castle |
| 16:42 | The Bloody-Nine · age_up castle |
| 16:54 | EL_REY_TUT · age_up castle |
| 17:06 | EL_REY_TUT · first_building Monastery |
| 17:11 | El mejor Sanguche de miga · first_building Archery Range |
| 17:37 | El mejor Sanguche de miga · age_up castle |
| 18:01 | [ Vallenar ] Doctor Simi · wall_segment Palisade Wall x5 |
| 18:09 | 姆狗 · age_up castle |
| 18:13 | EL_REY_TUT · first_building Castle |
| 18:22 | [ Vallenar ] Doctor Simi · wall_segment Palisade Wall x6 |
| 18:34 | 姆狗 · first_building Castle |
| 18:35 | Alexander the conqueror · first_building Barracks |
| 18:51 | Suikyou · wall_segment Palisade Wall x1 |
| 19:17 | The Bloody-Nine · first_market_buy 100 wood |
| 19:52 | [ Vallenar ] Doctor Simi · first_building Barracks |
| 20:24 | 我是你大飞哥 · age_up castle |
| 21:08 | [ Vallenar ] Doctor Simi · first_building Stable |
| 21:15 | EL_REY_TUT · first_building Barracks |
| 21:19 | [ Vallenar ] Doctor Simi · age_up castle |
| 21:24 | Alexander the conqueror · first_market_buy 100 wood |
| 21:27 | [ Vallenar ] Doctor Simi · first_building Monastery |
| 21:43 | EL_REY_TUT · first_market_buy 100 stone |
| 21:52 | EL_REY_TUT · first_building Stable |
| 22:22 | El mejor Sanguche de miga · wall_segment Palisade Wall x3 |
| 22:58 | EL_REY_TUT · first_market_sell 100 wood |
| 23:33 | [ Vallenar ] Doctor Simi · first_market_buy 100 wood |
| 23:54 | 姆狗 · first_building Siege Workshop |
| 23:58 | 我是你大飞哥 · first_building Castle |
| 25:36 | Suikyou · first_market_buy 100 stone |
| 25:50 | Suikyou · first_building Castle |
| 26:14 | EL_REY_TUT · first_building Siege Workshop |
| 26:19 | Suikyou · wall_segment Palisade Wall x1 |
| 26:20 | [ Vallenar ] Doctor Simi · wall_segment Stone Wall x7 |
| 26:41 | Suikyou · wall_segment Palisade Wall x1 |
| 26:43 | Suikyou · wall_segment Palisade Wall x1 |
| 26:44 | Suikyou · wall_segment Palisade Wall x1 |
| 26:48 | Suikyou · wall_segment Palisade Wall x1 |
| 26:53 | Suikyou · wall_segment Palisade Wall x1 |
| 26:55 | Suikyou · wall_segment Palisade Wall x1 |
| 27:12 | 姆狗 · wall_segment Stone Wall x1 |
| 27:12 | 姆狗 · wall_segment Stone Wall x1 |
| 27:13 | 姆狗 · wall_segment Stone Wall x1 |
| 27:22 | 姆狗 · wall_segment Stone Wall x7 |
| 27:25 | 姆狗 · wall_segment Stone Wall x5 |
| 27:39 | 姆狗 · wall_segment Stone Wall x13 |
| 28:16 | Suikyou · first_building Siege Workshop |
| 28:26 | 姆狗 · wall_segment Stone Wall x4 |
| 28:45 | 姆狗 · wall_segment Stone Wall x1 |
| 28:46 | 姆狗 · wall_segment Stone Wall x1 |
| 29:01 | Alexander the conqueror · first_building Castle |
| 29:28 | Suikyou · wall_segment Palisade Wall x1 |
| 29:41 | 我是你大飞哥 · first_building Barracks |
| 30:21 | 我是你大飞哥 · first_building Stable |
| 30:22 | 我是你大飞哥 · first_building Archery Range |
| 31:22 | El mejor Sanguche de miga · first_building Castle |
| 31:31 | 姆狗 · first_building Monastery |
| 31:41 | [ Vallenar ] Doctor Simi · first_market_sell 100 wood |
| 32:02 | 姆狗 · wall_segment Stone Wall x1 |
| 32:02 | 姆狗 · wall_segment Stone Wall x1 |
| 32:09 | The Bloody-Nine · first_building Barracks |
| 32:14 | The Bloody-Nine · first_building Monastery |
| 32:20 | 我是你大飞哥 · first_market_sell 500 wood |
| 32:51 | Suikyou · first_building Barracks |
| 33:02 | 姆狗 · wall_segment Palisade Wall x1 |
| 33:10 | 我是你大飞哥 · age_up imperial |
| 33:26 | The Bloody-Nine · first_building Archery Range |
| 33:40 | El mejor Sanguche de miga · first_market_buy 100 food |
| 34:03 | 姆狗 · first_market_buy 100 stone |
| 35:18 | EL_REY_TUT · age_up imperial |
| 35:39 | 姆狗 · wall_segment Stone Wall x12 |
| 36:20 | 姆狗 · wall_segment Stone Wall x1 |
| 36:20 | 姆狗 · wall_segment Stone Wall x1 |
| 36:22 | The Bloody-Nine · first_building Stable |
| 36:24 | 姆狗 · wall_segment Stone Wall x7 |
| 36:33 | The Bloody-Nine · age_up imperial |
| 36:48 | The Bloody-Nine · first_building Castle |
| 36:59 | 姆狗 · first_building Barracks |
| 37:09 | Alexander the conqueror · first_building Archery Range |
| 37:47 | El mejor Sanguche de miga · age_up imperial |
| 38:04 | Alexander the conqueror · first_building Stable |
| 38:45 | Suikyou · first_building Monastery |
| 38:48 | 我是你大飞哥 · first_building Siege Workshop |
| 39:32 | Alexander the conqueror · age_up imperial |
| 40:08 | Suikyou · first_building Stable |
| 41:42 | The Bloody-Nine · first_building Siege Workshop |
| 41:48 | [ Vallenar ] Doctor Simi · age_up imperial |
| 42:42 | 姆狗 · age_up imperial |
| 43:14 | Suikyou · age_up imperial |
| 43:26 | Alexander the conqueror · resign |
[ ANÁLISIS IA · 1 CRÉDITO ]
¿Qué pasó realmente en esta partida?
Wolo.gg analiza cada decisión: build order, eco, micro, errores típicos por bracket. Análisis personalizado por WhatsApp o Discord en 30 segundos.
Guía civ
Drávidas
Perfil
Jugador #5981761